AoeStats
← Flo

Hideout

503450445Analyzed
2v2 RM · 1mo ago on Aug 31, 2026· 17m 27s· 4 players
Game mode
Random Map
Map size
Medium (4 player)
Population
200
Speed
Normal
Resources
Standard
Victory
Conquest
Starting age
Dark Age
Ending age
Imperial Age
RankedLock teamsTeams togetherTeam positionsShared explorationLock speedFull tech treeHidden civsTurbo modeCheats
Victory
Defeat
🇩🇪 Berbers · Germany
1396
+16
🇨🇳 Britons · China
1354
+18
🇨🇭 Aztecs · Switzerland
1392
-17
🇨🇭 Lithuanians · Switzerland
1392
-17
Flo
10:24 Feudal Age
14:16 Castle Age
12:09 Double-Bit Axe
12:35 Horse Collar
17:11 Loom
wit^
10:38 Feudal Age
14:44 Castle Age
12:51 Horse Collar
13:46 Double-Bit Axe
15:26 Loom
15:55 Bow Saw
16:05 Heavy Plow
Yo
10:49 Feudal Age
14:29 Castle Age
12:36 Double-Bit Axe
14:26 Loom
14:51 Fletching
14:53 Gold Mining
faensi
10:05 Feudal Age
13:49 Castle Age
13:18 Horse Collar
13:25 Double-Bit Axe
Connection lost

Rejoining the realm…

Still unreachable

The connection could not be restored.

Session expired

The server has moved on; the page needs a fresh start.